 Dungeon Crawl Stone Soup version 0.25.0-41-g26779e291d (webtiles) character file.

Game seed: 7841622360454117746

1857 deuliadeu the Grappler (level 8, -12/117 HPs)
             Began as a Troll Berserker on July 10, 2020.
             Was a High Priest of Trog.
             Mangled by an orc warrior
             ... wielding a +0 halberd
              (14 damage)
             ... on level 7 of the Dungeon.
             The game lasted 00:11:02 (5199 turns).

deuliadeu the Grappler (Troll Berserker)            Turns: 5199, Time: 00:11:02

Health: -12/117    AC:  8    Str: 27    XL:     8   Next: 89%
Magic:  7/7        EV:  9    Int:  4    God:    Trog [*****.]
Gold:   320        SH: 10    Dex:  9    Spells: 7/7 levels left

rFire    + . .     SeeInvis .     - Unarmed
rCold    . . .     Gourm    +   k - +0 kite shield
rNeg     . . .     Faith    .   y - +1 robe of the Spheres {rF+} (curse)
rPois    .         Spirit   .   (helmet restricted)
rElec    .         Reflect  .   n - +0 cloak
rCorr    .         Harm     .   (gloves unavailable)
MR       .....                  (boots unavailable)
Stlth    ..........             c - amulet of the acrobat
HPRegen  0.69/turn              (no ring)
MPRegen  0.10/turn              (no ring)

@: berserking (expiring), very quick
A: large, unfitting armour, claws 3, fast metabolism 3, gourmand, regeneration
1, shaggy fur 1, tough skin 3
a: Berserk, Trog's Hand, Brothers in Arms, Renounce Religion


You were on level 7 of the Dungeon.
You worshipped Trog.
Trog was extremely pleased with you.
You were very full.

You visited 1 branch of the dungeon, and saw 7 of its levels.
You also visited: Sewer.

You collected 320 gold pieces.

Inventory:

Missiles
 v - 14 poisoned darts (quivered)
 w - a throwing net
Armour
 a - a +0 animal skin
 g - a +0 robe
 k - a +0 kite shield (worn)
 n - a +0 cloak (worn)
 y - the cursed +1 robe of the Spheres (worn) {rF+}
   (You found it on level 6 of the Dungeon)

   It protects you from fire.
   It has a curse placed upon it.
Jewellery
 c - an amulet of the acrobat (around neck)
Wands
 s - a wand of iceblast (8)
Scrolls
 d - 2 scrolls of enchant weapon {unknown}
 e - 3 scrolls of teleportation
 f - 4 scrolls of remove curse
 j - a scroll of fear {unknown}
 l - a scroll of magic mapping {unknown}
 o - a scroll of fog {unknown}
 q - a scroll of enchant armour {unknown}
Potions
 h - a potion of haste {unknown}
 i - 4 potions of curing
 m - a potion of ambrosia {unknown}
 t - a potion of flight {unknown}
 u - a potion of lignification {unknown}
 x - a potion of resistance {unknown}
 z - a potion of magic
Comestibles
 b - 19 rations


   Skills:
 + Level 3.7 Fighting
 + Level 0.5 Throwing
 - Level 2.4 Dodging
 * Level 5.8 Shields
 + Level 8.9 Unarmed Combat


You had 7 spell levels left.
You didn't know any spells.
Your spell library was empty.

Dungeon Overview and Level Annotations

Branches:
Dungeon (7/15)             Temple (0/1) D:4           Sewer (visited)

Altars:
Kikubaaqudgha

Annotations:
D:5 2 transporters
D:7 4 runed translucent doors


Innate Abilities, Weirdness & Mutations

You are too large for most types of armour.
You have claws for hands.
Your metabolism is lightning-fast.
You like to eat raw meat.
Your natural rate of healing is unusually fast.
You are covered in fur. (AC +1)
You have extremely tough skin. (AC +3)


Message History

You scratch the orc priest.
You kill the orc priest!
Trog accepts your kill.
Unknown command.
You barely miss the orc warrior.
The orc warrior hits you with a +0 halberd!
* * * LOW HITPOINT WARNING * * *
You block the orc's attack.
You closely miss the orc warrior.
Unknown command.
You barely miss the orc warrior. You block the orc's attack.
The orc warrior hits you with a +0 halberd!
* * * LOW HITPOINT WARNING * * *
You mangle the orc warrior!!
The orc warrior is severely wounded.
The orc hits you but does no damage.
You closely miss the orc warrior.
The orc warrior is severely wounded.
The orc warrior hits you with a +0 halberd!
You die...

#.##..###.####
##.####.###.##..
#.........# #.#
#........#
#####.##### #.#
#####.#### #..#
#+## #.# #.##
#...## ..^ #.####
##.....## #..#
#.##.## ##....>..#
#...
#.#...####.>.......
#...
#........'.@o......
....
#.#...####o).......
#.##.## ##.......#
#.#### ##.....##
#[# #...## #.#
..... #.# #.#### #.
.#


You could see an orc warrior and an orc.

Vanquished Creatures
  Menkaure (D:6)
  An orc warrior (D:6)
  2 ice beasts
  A sky beast (D:7)
  A necrophage (D:5)
  3 centaurs
  A bullfrog (Sewer)
  2 scorpions
  A crimson imp (D:5)
  A hound (D:6)
  2 jellies (D:6)
  A centaur skeleton (D:7)
  2 orc priests
  A bullfrog skeleton (D:6)
  An iguana (D:6)
  4 orc wizards
  3 worker ants
  2 killer bee zombies
  A hound zombie (D:6)
  2 hound skeletons
  A gnoll (D:1)
  10 adders
  A shadow imp (D:5)
  8 oozes
  An adder zombie (D:6)
  2 worms
  4 dart slugs
  11 leopard geckos
  24 orcs
  12 giant cockroaches
  5 hobgoblins
  13 jackals
  5 quokkas
  20 ball pythons
  6 bats
  16 frilled lizards
  A giant cockroach zombie (D:6)
  8 goblins
  12 kobolds
  A leopard gecko skeleton (D:7)
  6 rats
200 creatures vanquished.

Notes
Turn   | Place    | Note
-------+----------+-------------------------------------------
     0 | D:1      | deuliadeu the Troll Berserker began the quest for the Orb.
     0 | D:1      | Reached XP level 1. HP: 22/22 MP: 0/0
   127 | D:1      | Reached XP level 2. HP: 27/29 MP: 1/1
   351 | D:1      | Reached XP level 3. HP: 36/36 MP: 2/2
   716 | D:2      | Reached skill level 4 in Unarmed Combat
   834 | D:2      | Reached ** piety under Trog
   876 | D:2      | Reached XP level 4. HP: 36/45 MP: 3/3
  1559 | D:3      | Found a glowing drain.
  1605 | Sewer    | Entered a sewer
  1731 | Sewer    | Reached XP level 5. HP: 53/53 MP: 4/4
  1904 | Sewer    | Reached skill level 1 in Shields
  1920 | Sewer    | Reached skill level 5 in Unarmed Combat
  1923 | Sewer    | Reached *** piety under Trog
  2239 | D:3      | Reached XP level 6. HP: 61/61 MP: 5/5
  2732 | D:4      | Found a staircase to the Ecumenical Temple.
  2844 | D:4      | Reached **** piety under Trog
  2844 | D:4      | Reached skill level 6 in Unarmed Combat
  3223 | D:5      | Entered Level 5 of the Dungeon
  3223 | D:5      | Noticed an ice beast
  3265 | D:4      | Killed an ice beast
  3265 | D:4      | Reached XP level 7. HP: 67/67 MP: 6/6
  3318 | D:5      | Reached skill level 7 in Unarmed Combat
  3452 | D:5      | Found an ancient bone altar of Kikubaaqudgha.
  3731 | D:5      | Found a transporter.
  3731 | D:5      | Noticed a kobold demonologist
  3759 | D:5      | Found a transporter.
  4166 | D:6      | Reached XP level 8. HP: 73/75 MP: 7/7
  4297 | D:6      | Reached skill level 8 in Unarmed Combat
  4312 | D:6      | Noticed Menkaure
  4322 | D:6      | Killed Menkaure
  4322 | D:6      | Reached skill level 5 in Shields
  4639 | D:6      | Got an ominously black robe
  4651 | D:6      | Identified the cursed +1 robe of the Spheres {rF+} (You
                  | found it on level 6 of the Dungeon)
  4873 | D:7      | Reached ***** piety under Trog
  5148 | D:7      | Found a large runed translucent door.
  5149 | D:7      | Found a large runed translucent door.
  5159 | D:7      | Found a large runed translucent door.
  5159 | D:7      | Found a large runed translucent door.
  5197 | D:7      | HP: 1/117 [orc warrior/+0 halberd (16)]
  5199 | D:7      | Mangled by an orc warrior

Illustrated notes

Levels and vault maps discovered:
D:1:      kennysheep_arrival_seaside, layout_rooms, minmay_tetromino_i4
D:2:      kennysheep_six_static_rooms, layout_loops_ring, corexii_shack
D:3:      layout_loops_cross, cheibrodos_sewer_entry_drain
D:4:      layout_gridville, minmay_temple_entry_junction_2
D:5:      gammafunk_wand_slinger, layout_loops_ring, kiku_gazebo_garden_becter,
          first_ration, eino_small_chamber_without_monster
D:6:      layout_cave_pools, kennysheep_dice, uniq_menkaure
D:7:      layout_loops_corners, fountainhead, minmay_hollow_rounded_squares

Skill      XL: |  1  2  3  4  5  6  7  8 |
---------------+-------------------------+-----
Fighting       | 3 |  3.7
Unarmed Combat | 4 5 6 7 8 |  8.9
Shields        | 1 2 4 5 |  5.8
Throwing       | |  0.5
Dodging        | |  2.4

Action                   |  1- 3 |  4- 6 |  7- 9 || total
-------------------------+-------+-------+-------++-------
Melee: Unarmed           |    97 |   232 |   205 ||   534
Throw: Dart              |       |       |     6 ||     6
Invok: Berserk           |       |       |     4 ||     4
       Trog's Hand       |       |       |     1 ||     1
  Use: Scroll            |       |     1 |     4 ||     5
  Eat: Chunk             |    13 |    23 |    21 ||    57
Armor: Animal skin       |    46 |       |       ||    46
       Robe              |       |    67 |    68 ||   135
Dodge: Dodged            |    65 |    81 |    82 ||   228
Block: Kite shield       |     4 |    77 |   120 ||   201
